 Dungeon Crawl Stone Soup version 0.21.1-1-g345015f (webtiles) character file.

372 Kairos the Chopper (level 6, 0/32 HPs)
             Began as a Vine Stalker Fighter on Apr 27, 2018.
             Succumbed to a worker ant's poison
             ... on level 4 of the Dungeon.
             The game lasted 00:04:36 (2862 turns).

Kairos the Chopper (Vine Stalker Fighter)           Turns: 2862, Time: 00:04:37

Health: 0/32       AC:  6    Str: 20    XL:     6   Next: 71%
Magic:  7/7        EV:  7    Int:  8    God:
Gold:   153        SH:  9    Dex: 14    Spells: 5/5 levels left

rFire    + . .     SeeInvis .   a - +2 war axe
rCold    + . .     Gourm    .   c - +0 shield
rNeg     . . .     Faith    .   b - +0 scale mail
rPois    .         Spirit   +   (no helmet)
rElec    .         Reflect  .   g - scarf {rC+ rF+}
rCorr    .         Harm     .   (no gloves)
MR       .....                  (no boots)
Stlth    ..........             (no amulet)
HPRegen  0.50/turn              (no ring)
MPRegen  0.10/turn              (no ring)

@: lethally poisoned (0 -> -1)
A: fangs 2, regeneration 1, magic shield, antimagic bite, no potion heal 3, rot
immunity
a: no special abilities


You were on level 4 of the Dungeon.
You were not hungry.

You visited 1 branch of the dungeon, and saw 4 of its levels.

You collected 153 gold pieces.

Inventory:

Hand Weapons
 a - a +2 war axe (weapon)
Armour
 b - a +0 scale mail (worn)
 c - a +0 shield (worn)
 g - a scarf of resistance (worn)
Scrolls
 e - 2 scrolls of amnesia {unknown}
 i - a scroll of fog
 l - a scroll of identify {unknown}
 m - 2 scrolls of remove curse {unknown}
 p - a scroll of fear {unknown}
 r - 2 scrolls of blinking
 t - a scroll of magic mapping {unknown}
Potions
 d - 3 potions of might
 k - a potion of ambrosia
 n - a potion of invisibility {unknown}
 o - a potion of heal wounds {unknown}
 q - a potion of flight {unknown}
Comestibles
 f - 4 rations


   Skills:
 + Level 3.4 Fighting
 + Level 4.3 Axes
 + Level 3.3 Armour
 + Level 0.4 Dodging
 + Level 0.1 Stealth
 + Level 3.8 Shields


You had 5 spell levels left.
You didn't know any spells.

Dungeon Overview and Level Annotations

Branches:
Dungeon (4/15)
 Temple: D:4-7

Altars:
Ashenzari

Annotations:
D:3 Verendum's ghost, amateur GrMo
D:4 2 transporters


Innate Abilities, Weirdness & Mutations

You have extremely sharp teeth.
Your natural rate of healing is unusually fast.
When hurt, damage is shared between your health and your magic reserves.
Your bite disrupts and absorbs the magic of your enemies.
Potions cannot restore your health.
You are immune to rotting.


Message History

The hound barely misses you.
* * * LOW HITPOINT WARNING * * *
You feel sick.
* * * LOW HITPOINT WARNING * * *
You feel sick.
* * * LOW HITPOINT WARNING * * *
You feel sick. You block the hound's attack.
* * * LOW HITPOINT WARNING * * *
You feel sick. The hound bites you but does no damage.
It was a potion of ambrosia.
You are confused.
Your system rejects the healing.
You feel invigorated. The hound bites you.
It was a potion of haste.
You feel yourself speed up.
* * * LOW HITPOINT WARNING * * *
You feel sick. The hound bites you but does no damage. The hound bites you.
It was a potion of cancellation.
Your magical effects are unravelling.
You feel magically purged.
You feel less invigorated.
You feel yourself slow down.
You feel less confused.
You die...

$$$§§§##.## #...# #.##.#
?©$.§.##.+ #...# #.†'.#
###### #.## #...# #.##.#
.©...# #..### #...# ###..#
...#.###....####†..####...##
#.##.##..#.....##'##....###
.....................####
...............###..##
................@hl##
...............#####
...............#
............####
............# ...........##


You could see an iguana and a hound.

Vanquished Creatures
  An ogre (D:4)
  2 hounds (D:4)
  An orc wizard (D:3)
  2 worker ants (D:4)
  7 adders
  2 worms
  2 dart slugs
  2 leopard geckos
  7 orcs
  A ball python (D:2)
  7 bats
  2 giant cockroaches (D:3)
  8 goblins
  4 hobgoblins
  10 kobolds
  5 quokkas
  6 frilled lizards
  A quokka skeleton (D:4)
  7 rats
77 creatures vanquished.

Notes
Turn   | Place    | Note
-------+----------+-------------------------------------------
     0 | D:1      | Kairos the Vine Stalker Fighter began the quest for the Orb.
     0 | D:1      | Reached XP level 1. HP: 11/11 MP: 2/2
    86 | D:1      | Reached XP level 2. HP: 12/16 MP: 1/3
    89 | D:1      | Reached skill level 2 in Axes
   404 | D:2      | Reached XP level 3. HP: 19/19 MP: 4/4
   682 | D:2      | Gained mutation: Your natural rate of healing is unusually fast. [Vine Stalker growth]
   682 | D:2      | Reached XP level 4. HP: 23/23 MP: 5/5
   958 | D:2      | Reached skill level 3 in Axes
  1248 | D:3      | Reached XP level 5. HP: 24/28 MP: 4/6
  1302 | D:3      | Found a shattered altar of Ashenzari.
  1513 | D:3      | Noticed Verendum's ghost (amateur GrMo)
  2390 | D:4      | Reached skill level 4 in Axes
  2419 | D:4      | Reached XP level 6. HP: 22/32 MP: 5/7
  2631 | D:4      | Found a transporter.
  2664 | D:4      | Found a transporter.
  2858 | D:4      | HP: 1/32 [poisoned by a worker ant]
  2862 | D:4      | Succumbed to a worker ant's poison

Skill      XL: |  1  2  3  4  5 |
---------------+----------------+-----
Shields        | 3 |  3.8
Axes           | 2 3 4 |  4.3
Armour         | 3 |  3.3
Fighting       | 3 |  3.4
Dodging        | |  0.4
Stealth        | |  0.1

Action                   |  1- 3 |  4- 6 || total
-------------------------+-------+-------++-------
Melee: War axe           |    74 |   136 ||   210
       Bite              |    18 |    35 ||    53
  Use: Scroll            |       |     4 ||     4
       Potion            |       |     3 ||     3
  Eat: Chunk             |       |     3 ||     3
       Ration            |       |     1 ||     1
Armor: Scale mail        |    35 |    53 ||    88
Dodge: Dodged            |    27 |    55 ||    82
Block: Shield            |    35 |    85 ||   120
